 Dungeon Crawl Stone Soup version 0.17.0-56-gd8de76c (webtiles) character file.

319 dorian the Conjurer (level 6, -1/36 HPs)
             Began as an Octopode Conjurer on Dec 4, 2015.
             Killed from afar by Dowan (3 damage)
             ... with a puff of flame
             ... on level 4 of the Dungeon.
             The game lasted 00:07:02 (3422 turns).

dorian the Conjurer (Octopode Conjurer)             Turns: 3422, Time: 00:07:02

Health: -1/36      AC:  1    Str:  3    XL:     6   Next: 46%
Magic:  11/11      EV:  7    Int: 20    God:
Gold:   119        SH:  0    Dex: 12    Spells: 3 memorised, 4 levels left

rFire  . . .     SeeInvis .     y - +4 dagger (venom)
rCold  . . .     Clarity  .     (no shield)
rNeg   . . .     SustAt   .     (helmet restricted)
rPois  .         Gourm    .     (no amulet)
rElec  .         Spirit   .     f - ring of wizardry
rCorr  .         Warding  .     o - -4 ring of strength (curse)
rMut   .         Stasis   .     p - ring of protection from magic
MR     +....                    (no ring)
Stlth  +++.......               (no ring)
                                (no ring)
                                (no ring)
                                (no ring)

@: somewhat resistant to hostile enchantments, fairly stealthy
A: almost no armour, amphibious, 8 rings, constrict 8, camouflage 1, gelatinous
body 1
a: no special abilities


You were on level 4 of the Dungeon.
You were not hungry.

You visited 1 branch of the dungeon, and saw 4 of its levels.

You collected 119 gold pieces.

Inventory:

Hand Weapons
 v - a +1 mace of protection
 y - a +4 dagger of venom (weapon)
 z - a +0 dagger of venom
Jewellery
 f - a ring of wizardry (left tentacle)
 o - a cursed -4 ring of strength (right tentacle)
 p - a ring of protection from magic (on tentacle)
Wands
 A - a wand of random effects (31)
Scrolls
 d - 3 scrolls of magic mapping {unknown}
 e - 3 scrolls of remove curse {unknown}
 h - 6 scrolls of identify {unknown}
 j - a scroll of teleportation {unknown}
 k - 6 scrolls of enchant weapon {unknown}
 m - 2 scrolls of immolation {unknown}
 q - a scroll of random uselessness {unknown}
 s - a scroll of amnesia {unknown}
 t - a scroll of blinking {unknown}
 C - 3 scrolls of enchant armour {unknown}
Potions
 c - a potion of haste {unknown}
 g - 2 potions of agility
 i - a potion of resistance {unknown}
 l - a potion of beneficial mutation {unknown}
 r - a potion of curing {unknown}
 x - 2 potions of degeneration {unknown}
 B - a potion of heal wounds {unknown}
Books
 a - a book of Conjurations

   Spells                             Type                      Level
   a - Magic Dart                     Conjuration                  1
   b - Searing Ray                    Conjuration                  2
   c - Dazzling Spray                 Conjuration/Hexes            3
   d - Fulminant Prism                Conjuration/Hexes            4
   e - Iskenderun's Mystic Blast      Conjuration                  4
   f - Iskenderun's Battlesphere      Conjuration/Charms           5
 u - a book of Ice

   Spells                             Type                      Level
   a - Ice Form                       Ice/Transmutation            4
   b - Metabolic Englaciation         Hexes/Ice                    5
   c - Ozocubu's Refrigeration        Ice                          6
   d - Bolt of Cold                   Conjuration/Ice              6
   e - Freezing Cloud                 Conjuration/Ice/Air          6
   f - Simulacrum                     Ice/Necromancy               6
Comestibles
 b - 3 bread rations
 n - 2 meat rations
 w - a chunk of flesh


   Skills:
 - Level 2.0 Dodging
 - Level 2.6 Stealth
 + Level 3.6 Spellcasting
 * Level 6.7 Conjurations


You had 4 spell levels left.
You knew the following spells:

 Your Spells              Type           Power        Failure   Level  Hunger
a - Magic Dart            Conj           ####         1%          1    None
b - Searing Ray           Conj           ####..       1%          2    ##.....
c - Iskenderun's Battles  Conj/Chrm      ###.....     58%         5    ######.


Dungeon Overview and Level Annotations

Branches:
Dungeon (4/15)
 Temple: D:4-7

Altars:
Dithmenos
Qazlal
Ru

Annotations:
D:3 Grinder
D:4 Dowan, Duvessa


Innate Abilities, Weirdness & Mutations

You cannot wear most types of armour.
You are amphibious.
You can wear up to eight rings at the same time.
You can use your tentacles to constrict eight enemies at once.
Your skin changes colour to match your surroundings (Stealth).
Your rubbery body absorbs attacks (AC +1).


Message History

Duvessa is moderately wounded.
Duvessa hits you with a short sword!
Dowan shouts!
You hit Duvessa.
Duvessa looks even sicker.
You squeeze Duvessa!
Duvessa is severely wounded.
Dowan barely misses you. Duvessa hits you with a short sword!
You hit Duvessa. You squeeze Duvessa, but do no damage.
Duvessa is severely wounded.
You constrict Duvessa. Dowan gestures at you while chanting.
The puff of flame hits you! Duvessa misses you.
You hit Duvessa.
Duvessa is almost dead.
You constrict Duvessa. Dowan hits you with a dagger of pain.
Duvessa hits you with a short sword!
* * * LOW HITPOINT WARNING * * *
You release your grip on Duvessa.
Dowan casts a spell at you. The puff of flame hits you!
You die...

##....##
######
_.###########
.......@....#
##....ee....#
#...$......#
#..#####......
?.. ...##. .?
..... # .##..
## .#


You could see Duvessa and Dowan.

Vanquished Creatures
  2 orc wizards (D:3)
  An orc priest (D:3)
  A gnoll (D:3)
  A worker ant zombie (D:3)
  14 adders
  An ooze (D:2)
  A worm (D:2)
  2 giant geckos
  8 orcs (D:3)
  4 giant cockroaches
  5 goblins
  12 hobgoblins
  6 jackals
  2 quokkas
  A ball python (D:1)
  7 bats
  4 giant newts
  3 kobolds
75 creatures vanquished.

Notes
Turn   | Place    | Note
--------------------------------------------------------------
     0 | D:1      | dorian the Octopode Conjurer began the quest for the Orb.
     0 | D:1      | Reached XP level 1. HP: 11/11 MP: 3/3
   135 | D:1      | Reached XP level 2. HP: 7/17 MP: 1/5
   650 | D:2      | Reached XP level 3. HP: 21/21 MP: 0/6
   900 | D:2      | Learned a level 2 spell: Searing Ray
   923 | D:2      | Found a faded altar to an unknown god.
  1068 | D:2      | Reached skill level 5 in Conjurations
  1200 | D:2      | Reached XP level 4. HP: 27/27 MP: 2/8
  1852 | D:3      | Reached XP level 5. HP: 31/31 MP: 5/9
  2231 | D:3      | Found a stormy altar of Qazlal.
  2240 | D:3      | Noticed Grinder
  2343 | D:3      | Reached skill level 6 in Conjurations
  2592 | D:3      | Reached XP level 6. HP: 32/36 MP: 0/11
  2723 | D:3      | Learned a level 5 spell: Iskenderun's Battlesphere
  3024 | D:4      | Found a sacrificial altar of Ru.
  3417 | D:4      | Found a shadowy altar of Dithmenos.
  3417 | D:4      | Noticed Duvessa
  3417 | D:4      | Noticed Dowan
  3422 | D:4      | Killed from afar by Dowan

Action                   |  1- 3 |  4- 6 || total
-------------------------+-------+-------++-------
Melee: Unarmed           |    30 |    14 ||    44
       Dagger            |       |     9 ||     9
       Mace              |       |     1 ||     1
 Cast: Magic Dart        |    55 |   123 ||   178
       Searing Ray       |       |     2 ||     2
 Stab: Sleeping          |       |     3 ||     3
       Distracted        |       |     1 ||     1
  Eat: Chunk             |     1 |     7 ||     8
